 Dungeon Crawl Stone Soup version 0.30.1-9-gdf580d7c3d (webtiles) character file.

Game seed: 2443969615817732805

221 Psyclone the Conjurer (level 5, -1/28 HPs)
             Began as a Deep Elf Conjurer on Oct 1, 2023.
             Was an Initiate of Ashenzari.
             Slain by a bullfrog (7 damage)
             ... in a sewer.
             The game lasted 00:08:46 (3917 turns).

Psyclone the Conjurer (Deep Elf Conjurer)           Turns: 3917, Time: 00:08:46

Health: -1/28      AC:  2    Str:  4    XL:     5   Next: 65%
Magic:  7/11       EV: 12    Int: 25    God:    Ashenzari [......]
Gold:   129        SH:  0    Dex: 13    Spells: 7/10 levels left

rFire   . . .        q - +0 dagger (speed)
rCold   . . .        p - orb {light}
rNeg    . . .        c - +0 robe
rPois   .            (no helmet)
rElec   .            (no cloak)
rCorr   .            (no gloves)
SInv    .            (no boots)
Will    .....        (no amulet)
Stlth   +            (no ring)
HPRegen 0.24/turn    (no ring)
MPRegen 0.12/turn

%: no passive effects
@: glowing
A: no striking features
a: Renounce Religion, Curse Item


You were in a sewer.
You worshipped Ashenzari.
Ashenzari was noncommittal.
You visited 1 branch of the dungeon, and saw 4 of its levels.
You also visited: Sewer.

You collected 129 gold pieces.

Inventory:

Hand Weapons
 a - a +1 dagger of venom
 n - a +2 great sword of electrocution
 q - a +0 dagger of speed (weapon)
Armour
 c - a +0 robe (worn)
 p - an orb of light (worn)
Wands
 k - a wand of digging (7)
Scrolls
 d - a scroll of brand weapon {unknown}
 i - a scroll of identify {unknown}
 l - a scroll of amnesia {unknown}
 m - 6 scrolls of teleportation {unknown}
 r - a scroll of blinking
 s - 2 scrolls of enchant armour {unknown}
Potions
 b - a potion of magic
 e - a potion of ambrosia {unknown}
 f - 2 potions of curing {unknown}
 g - a potion of haste {unknown}
 h - a potion of brilliance {unknown}
 j - 3 potions of heal wounds {unknown}
 o - 2 potions of resistance {unknown}


   Skills:
 - Level 2.4 Dodging
 - Level 2.4 Stealth
 - Level 3.0 Spellcasting
 + Level 7.7 Conjurations


You had 7 spell levels left.
You knew the following spells:

 Your Spells              Type           Power      Damage    Failure   Level
a - Magic Dart            Conj           100%       1d8       1%          1
b - Searing Ray           Conj           84%        2d7       1%          2

Your spell library contained the following spells:

 Spells                   Type           Power      Damage    Failure   Level
 Dazzling Flash           Conj/Hex       46%        N/A       6%          3
 Necrotise                Necr           12%        1d4       10%         1
 Fulminant Prism          Conj/Hex       11%        3d9       21%         4
 Iskenderun's Mystic Bla  Conj/Tloc      23%        2d6       21%         4
 Vampiric Draining        Necr           3%         2d6       30%         3
 Agony                    Necr           3%         N/A       95%         5


Dungeon Overview and Level Annotations

Branches:
Dungeon (4/15) Zot: 20798   Sewer (1/1) Zot: 5222
 Temple: D:4-7

Altars:
Ashenzari

Shops:
D:3 [

Annotations:
D:3 1 runed translucent door, Crazy Yiuf


Message History

A bullfrog comes into view.
Casting: Searing Ray (safe; 1% risk of failure)
Confirm with . or Enter, or press ? or * to list all spells.
Aiming: Magic Dart (safe; 1% risk of failure)
Press: ? - help, Shift-Dir - straight line, f - bullfrog
Aim: a bullfrog (100% to hit)
The magic dart hits the bullfrog.
The bullfrog is lightly wounded.
The bullfrog croaks.
You now have 10/11 mp.
Casting: Magic Dart (safe; 1% risk of failure)
Confirm with . or Enter, or press ? or * to list all spells.
Aiming: Magic Dart (safe; 1% risk of failure)
Press: ? - help, Shift-Dir - straight line, f/p - bullfrog
Aim: a bullfrog (lightly wounded, haloed, 100% to hit)
The magic dart hits the bullfrog.
The bullfrog is moderately wounded.
The bullfrog closely misses you.
You now have 9/11 mp.
The bullfrog attacks as you move away! The bullfrog closely misses you.
The bullfrog hits you! The bullfrog barely misses you.
You take 8 damage, and have 20/28 hp.
MASSIVE DAMAGE!!
The bullfrog attacks as you move away! The bullfrog hits you.
The bullfrog hits you but does no damage.
The bullfrog hits you. The bullfrog barely misses you.
You take 2 damage, and have 18/28 hp.
The bullfrog attacks as you move away! The bullfrog hits you.
You take 5 damage, and have 13/28 hp.
Casting: Magic Dart (safe; 1% risk of failure)
Confirm with . or Enter, or press ? or * to list all spells.
Aiming: Searing Ray (safe; 1% risk of failure)
Press: ? - help, Shift-Dir - straight line, f/p - bullfrog
Aim: a bullfrog (moderately wounded, haloed, 83% to hit)
The searing ray hits the bullfrog.
The bullfrog is heavily wounded. (Press . to maintain the ray.)
The bullfrog hits you!
* * * LOW HITPOINT WARNING * * *
The bullfrog hits you!
You die...

#.~#~.~## ##~~~#~~##.##
.~~#~~## ##.~#.~~#..#
..##~~# #~~###.#~.#
~~#..##≈≈~~.~≈##~~.#~#~~#
~†#~~# ≈~~~~~~ #~~∩#.#~~#
.~#~~# ≈~.~..~ #~~.#~#~†#
~†#~~# ..[J~~~ #~~##†#~~#
~.#~~# ~.$?~~r #†~#.†#..#
~~#~~# ..$($~~ #@~#~~#~~#
~†#.†##≈..?~.~##FF#.~~~~#
~.##~~#≈~~.~~r~~..#~~~..#
~~~#~~##≈~~~~~.~###~~~~~#
#~~#~~~##≈.~~~###.#######
#.~##~~.#######~~~~~#
#~~~#~..~~~~~~~~~~~.#
##~†##~~~~~.~~.##~~##
#~~~##~~~~~~~##~~##


You could see 2 bullfrogs.

Vanquished Creatures
  An iguana (D:4)
  Ijyb (D:3)
  An orc wizard (D:3)
  Robin (D:3)
  An adder (Sewer)
  A worm (D:2)
  2 dart slugs
  An orc (D:3)
  15 endoplasms
  12 giant cockroaches
  11 goblins
  5 hobgoblins
  2 kobolds (D:2)
  13 quokkas
  16 ball pythons
  8 bats
  12 frilled lizards
  6 rats
109 creatures vanquished.

Notes
Turn   | Place    | Note
-------+----------+-------------------------------------------
     0 | D:1      | Psyclone the Deep Elf Conjurer began the quest for the Orb.
     0 | D:1      | Reached XP level 1. HP: 10/10 MP: 6/6
   221 | D:1      | Reached XP level 2. HP: 15/15 MP: 6/8
   224 | D:1      | Learned a level 2 spell: Searing Ray
   245 | D:1      | Reached skill level 5 in Conjurations
   957 | D:2      | Reached XP level 3. HP: 19/19 MP: 5/9
  1375 | D:2      | Found a faded altar of an unknown god.
  1984 | D:3      | Noticed Ijyb
  1995 | D:3      | Killed Ijyb
  1996 | D:3      | Reached skill level 6 in Conjurations
  1996 | D:3      | Reached XP level 4. HP: 18/24 MP: 1/10
  2335 | D:3      | Found a broken altar of Ashenzari.
  2340 | D:3      | Became a worshipper of Ashenzari the Shackled
  2410 | D:3      | Noticed Robin
  2434 | D:3      | Killed Robin
  2608 | D:3      | Found Qeseo's Antique Armour Shoppe.
  2964 | D:3      | Found a runed translucent door.
  2965 | D:3      | Noticed Crazy Yiuf
  3040 | D:4      | Reached skill level 7 in Conjurations
  3040 | D:4      | Reached XP level 5. HP: 9/28 MP: 2/11
  3120 | D:4      | Found a glowing drain.
  3189 | Sewer    | Entered a sewer
  3917 | Sewer    | Slain by a bullfrog

Illustrated notes

Levels and vault maps discovered:
D:1:      lightli_arrival_farm, layout_basic, st_stairs_2
D:2:      layout_basic, chequers_ecumenical_altar_simple_redux,
          minmay_surrounded
D:3:      layout_loops_corners, nicolae_ashenzari_panopticon, serial_shops,
          shop, uniq_crazy_yiuf_cottage, uniq_robin, uniq_ijyb
D:4:      layout_basic, portal_sewer_entry_c, serial_bayou_crossing
Sewer:    sewer_frog_island_02

Skill      XL: |  1  2  3  4 |
---------------+-------------+-----
Conjurations   | 5 6 7 |  7.7
Dodging        | |  2.4
Stealth        | |  2.4
Spellcasting   | |  3.0

Action                     |  1- 3 |  4- 6 || total
---------------------------+-------+-------++-------
  Melee: Dagger            |     8 |    68 ||    76
   Cast: Magic Dart        |    65 |    48 ||   113
         Searing Ray       |     2 |    19 ||    21
    Use: Scroll            |     1 |       ||     1
 Armour: Robe              |       |    13 ||    13
  Dodge: Dodged            |     7 |    47 ||    54
